[ AOE2 MATCH · #476597628 ]
UnrankedGoths vs Persians
[ REPLAY ANALYSIS · EXTRACTED FROM THE RECORDED GAME ]
Feudal
—
Castle
—
Imperial
—
| APM avg | 11.0 |
| APM peak | 26 |
| eAPM avg | 6.7 |
| Villagers / military | 7 / 0 |
Focus
⚔️ 0.0% · 🌾 100.0%
Feudal
—
Castle
—
Imperial
—
| APM avg | 26.9 |
| APM peak | 32 |
| eAPM avg | 6.5 |
| Villagers / military | 9 / 0 |
Focus
⚔️ 4.3% · 🌾 95.7%
Feudal
—
Castle
—
Imperial
—
| APM avg | 21.6 |
| APM peak | 44 |
| eAPM avg | 9.1 |
| Villagers / military | 8 / 0 |
Focus
⚔️ 4.5% · 🌾 95.5%
Feudal
—
Castle
—
Imperial
—
| APM avg | 64.7 |
| APM peak | 83 |
| eAPM avg | 12.0 |
| Villagers / military | 9 / 0 |
Focus
⚔️ 5.7% · 🌾 94.3%
Feudal
—
Castle
—
Imperial
—
| APM avg | 24.0 |
| APM peak | 34 |
| eAPM avg | 5.3 |
| Villagers / military | 6 / 0 |
Focus
⚔️ 6.2% · 🌾 93.8%
Feudal
—
Castle
—
Imperial
—
| APM avg | 25.7 |
| APM peak | 53 |
| eAPM avg | 9.4 |
| Villagers / military | 7 / 0 |
Focus
⚔️ 0.0% · 🌾 100.0%
Match map
Initial resources + every placement click. Lines = walls · curves = elevation contours. ◆ gold · ⬟ stone · ● berries · ✦ relic · ◌ wall gap
Your base
Bloodfire's base
simirfan's base
Hallo22062's base
DonAioli's base
M.S.'s base
Smoothed initial terrain · ◌ = detected wall gap · hover for details
Inputs per minute
— Geosim - - Bloodfire
Build order — Geosim
7 actions detected in the replay
| 0:17 | Build | Town Center |
| 1:19 | Research | Loom |
| 1:20 | Create | Villager (Male) ×4 |
| 2:20 | Create | Villager (Male) |
| 2:39 | Build | Lumber Camp |
| 2:53 | Create | Villager (Male) |
| 3:13 | Create | Villager (Male) |
Build order — Bloodfire
10 actions detected in the replay
| 0:11 | Build | Town Center |
| 1:26 | Create | Villager (Male) |
| 1:26 | Create | Villager (Male) |
| 1:26 | Create | Villager (Male) |
| 1:26 | Create | Villager (Male) |
| 1:48 | Create | Villager (Male) |
| 3:23 | Create | Villager (Male) |
| 3:23 | Create | Villager (Male) |
| 3:28 | Create | Villager (Male) |
| 3:55 | Create | Villager (Male) |
Build order — simirfan
9 actions detected in the replay
| 0:17 | Build | Town Center |
| 0:46 | Build | House |
| 0:47 | Build | House |
| 1:17 | Research | Loom |
| 1:17 | Create | Villager (Male) ×4 |
| 1:52 | Build | Lumber Camp |
| 2:32 | Create | Villager (Male) |
| 3:13 | Create | Villager (Male) ×2 |
| 4:02 | Create | Villager (Male) |
Build order — Hallo22062
12 actions detected in the replay
| 0:04 | Build | Town Center |
| 0:51 | Build | Lumber Camp |
| 1:14 | Create | Villager (Male) |
| 1:15 | Create | Villager (Male) |
| 1:23 | Create | Villager (Male) |
| 1:39 | Create | Villager (Male) |
| 1:57 | Create | Villager (Male) |
| 2:51 | Create | Villager (Male) |
| 3:15 | Create | Villager (Male) |
| 3:30 | Create | Villager (Male) |
| 3:49 | Build | Mill |
| 4:07 | Create | Villager (Male) |
Build order — DonAioli
8 actions detected in the replay
| 1:00 | Build | Town Center |
| 1:10 | Build | Town Center |
| 2:27 | Create | Villager (Male) |
| 2:27 | Create | Villager (Male) |
| 2:27 | Create | Villager (Male) |
| 2:28 | Create | Villager (Male) |
| 2:28 | Create | Villager (Male) |
| 3:40 | Create | Villager (Male) |
Build order — M.S.
8 actions detected in the replay
| 0:10 | Build | Town Center |
| 1:12 | Create | Villager (Male) |
| 1:13 | Create | Villager (Male) |
| 1:13 | Create | Villager (Male) |
| 1:13 | Create | Villager (Male) |
| 2:00 | Create | Villager (Male) |
| 2:00 | Create | Villager (Male) |
| 2:01 | Create | Villager (Male) |
Match timeline
| 3:39 | Geosim · resign |
[ AI ANALYSIS · 1 CREDIT ]
What really happened in this match?
Wolo.gg analyzes every decision: build order, eco, micro, common mistakes by bracket. Personalized analysis on WhatsApp or Discord in 30 seconds.
Civ guide
Goths
Perfil
Jugador #596177